 Dungeon Crawl Stone Soup version 0.23.2-40-g277498a001 (webtiles) character file.

Game seed: 18243250579223599206

5140 Martska the Fighter (level 10, 0/100 HPs)
             Began as a Hill Orc Fighter on Oct 4, 2019.
             Was a High Priest of Okawaru.
             Slain by a black mamba (2 damage)
             ... while petrified by a basilisk
             ... on level 1 of the Lair of Beasts.
             The game lasted 00:39:30 (11559 turns).

Martska the Fighter (Hill Orc Fighter)             Turns: 11559, Time: 00:39:30

Health: 0/100      AC: 19    Str: 22    XL:     10   Next: 58%
Magic:  10/10      EV:  2    Int:  8    God:    Okawaru [*****.]
Gold:   416        SH:  0    Dex: 14    Spells: 9/9 levels left

rFire    . . .     SeeInvis .   a - +1 war axe
rCold    . . .     Gourm    +   c - +0 shield
rNeg     + + +     Faith    .   I - +1 plate armour
rPois    ∞         Spirit   .   k - +0 helmet
rElec    .         Reflect  .   (no cloak)
rCorr    .         Harm     .   (no gloves)
MR       .....                  l - +2 pair of boots
Stlth    ..........             H - amulet of the gourmand
HPRegen  0.26/turn              i - +3 ring of dexterity
MPRegen  0.12/turn              w - +4 ring of evasion

@: lethally poisoned (0 -> 0), petrified, starving, studying Fighting
A: no striking features
a: Heroism, Finesse, Renounce Religion


You were on level 1 of the Lair of Beasts.
You worshipped Okawaru.
Okawaru was extremely pleased with you.
You were starving.

You visited 2 branches of the dungeon, and saw 10 of its levels.

You collected 416 gold pieces.

Inventory:

Hand Weapons
 a - a +1 war axe (weapon)
 J - a +4 triple sword of flaming
Armour
 b - a +1 scale mail
 c - a +0 shield (worn)
 e - a +0 helmet
 k - a +0 helmet (worn)
 l - a +2 pair of boots (worn)
 I - a +1 plate armour (worn)
Jewellery
 i - a +3 ring of dexterity (left hand)
 q - an uncursed ring of magical power
 w - a +4 ring of evasion (right hand)
 x - an uncursed ring of positive energy
 A - an uncursed ring of attention
 C - an uncursed amulet of magic regeneration
 D - a cursed amulet of guardian spirit {unknown}
 E - an uncursed ring of fire
 F - an uncursed ring of wizardry
 H - an amulet of the gourmand (around neck)
Wands
 g - a wand of acid (6)
 s - a wand of enslavement (2)
Scrolls
 h - 2 scrolls of fog
 j - 2 scrolls of remove curse
 n - 4 scrolls of identify
 v - 2 scrolls of amnesia
 y - 2 scrolls of enchant weapon
 B - 2 scrolls of teleportation
 K - a scroll of random uselessness {unknown}
 L - a scroll of immolation {unknown}
Potions
 d - 3 potions of might
 o - a potion of degeneration
 p - a potion of cancellation
 r - 3 potions of agility
 t - 2 potions of flight
 u - a potion of berserk rage {unknown}
 G - a potion of magic {unknown}
Books
 m - a manual of Fighting
Comestibles
 f - 7 rations


   Skills:
 * Level 12.6 Fighting
 * Level 11.7 Axes
 + Level 7.5 Armour
 + Level 7.6 Shields


You had 9 spell levels left.
You didn't know any spells.
Your spell library contained the following spells:

 Spells                   Type           Power        Failure   Level  Hunger
 Beastly Appendage        Tmut           #.....       100%        1    ##.....
 Sticks to Snakes         Tmut           #.......     100%        2    ###....
 Spider Form              Tmut/Pois      #.........   100%        3    ####...
 Ice Form                 Ice/Tmut       #.......     100%        4    #####..
 Blade Hands              Tmut           #.........   100%        5    ######.
 Irradiate                Conj/Tmut      #.........   100%        5    ######.
 Hydra Form               Tmut           #.........   100%        6    #######
 Statue Form              Tmut/Erth      #........    100%        6    #######
 Dragon Form              Tmut           #.........   100%        7    #######


Dungeon Overview and Level Annotations

Branches:
Dungeon (8/15)             Temple (0/1) D:7            Lair (2/6) D:8
  Swamp: Lair:2-4    Shoals: Lair:2-4     Snake: Lair:2-4    Spider: Lair:2-4

Altars:
Cheibriados
Dithmenos
Elyvilon
Fedhas
Gozag
Hepliaklqana
Kikubaaqudgha
Makhleb
Nemelex Xobeh
Okawaru
Qazlal
Ru
Xom
Yredelemnul

Shops:
D:4 }   D:5 [   D:8 [

Annotations:
D:5 Prince Ribbit


Message History

The basilisk gazes at you. You resist with some effort.
The black mamba bites you but does no damage.
The basilisk barely misses you.
The black mamba bites you but does no damage.
The black mamba bites you.
* * * LOW HITPOINT WARNING * * *
The basilisk bites you.
* * * LOW HITPOINT WARNING * * *
The black mamba bites you but does no damage. x2
The basilisk bites you but does no damage.
The black mamba bites you.
* * * LOW HITPOINT WARNING * * *
The black mamba bites you.
* * * LOW HITPOINT WARNING * * *
The basilisk bites you.
* * * LOW HITPOINT WARNING * * *
The black mamba bites you but does no damage.
The black mamba bites you.
You die...

...................#
#....
...................##
#....
....................#
#....
.........##.....#.###
#....
..........##....###
##....
...§............##
#.####
.§§§.............#
###
≈§§≈§......P..##.#
≈≈≈≈≈...........@##
≈§≈≈≈..........S.l# #
§≈§≈≈............##
###
§§≈≈§§...........#
#..
..§§§.........####
#P# ####..##.###..#
### .....###.# #..#
.....###.###..##
###............##


You could see a black mamba and a basilisk.

Vanquished Creatures
  A spiny frog (Lair:1)
  A spriggan (D:8)
  A wyvern (D:8)
  A basilisk (Lair:1)
  5 yaks (Lair:1)
  4 water moccasins
  A porcupine (Lair:1)
  7 ogres
  An ice beast (D:4)
  4 sky beasts
  5 centaurs
  2 crocodiles
  A big kobold (D:7)
  Blork the orc (D:5)
  2 bullfrogs (D:6)
  A scorpion (D:8)
  5 howler monkeys
  4 crimson imps
  A quasit (D:6)
  A centaur zombie (D:7)
  4 hounds
  A jelly (D:5)
  3 orc wizards
  3 orc priests
  3 centaur skeletons
  2 bullfrog skeletons (D:5)
  3 iguanas
  3 worker ants
  Terence (D:2)
  A killer bee zombie (D:2)
  A worker ant zombie (D:7)
  6 gnolls
  6 adders
  2 oozes
  5 worms
  A dart slug (D:3)
  21 orcs
  5 giant cockroaches
  10 goblins
  5 hobgoblins
  3 jackals (D:7)
  6 kobolds
  2 quokkas
  3 bats
  6 frilled lizards
  7 rats
  A butterfly (Lair:1)
  2 fungi (Lair:1)
  2 withered plants (D:6)
167 creatures vanquished.

Vanquished Creatures (others)
  A withered plant (D:6)
1 creature vanquished.

Grand Total: 168 creatures vanquished

Notes
Turn   | Place    | Note
-------+----------+-------------------------------------------
     0 | D:1      | Martska the Hill Orc Fighter began the quest for the Orb.
     0 | D:1      | Reached XP level 1. HP: 19/19 MP: 1/1
   237 | D:1      | Found a sparkling altar of Nemelex Xobeh.
   294 | D:1      | Reached XP level 2. HP: 23/27 MP: 2/2
   695 | D:2      | Reached skill level 4 in Fighting
   719 | D:2      | Found a stormy altar of Qazlal.
   835 | D:2      | Found a blossoming altar of Fedhas.
   968 | D:2      | Noticed Terence
   981 | D:2      | Killed Terence
   981 | D:2      | Reached XP level 3. HP: 24/34 MP: 3/3
  1088 | D:2      | Reached XP level 4. HP: 8/41 MP: 4/4
  2416 | D:3      | Found an iron altar of Okawaru.
  2416 | D:3      | Noticed an ogre
  2425 | D:3      | Killed an ogre
  2425 | D:3      | Reached skill level 5 in Fighting
  2425 | D:3      | Reached XP level 5. HP: 23/48 MP: 5/5
  2583 | D:3      | Became a worshipper of Warmaster Okawaru
  2677 | D:3      | Reached skill level 5 in Axes
  2691 | D:3      | Found a white marble altar of Elyvilon.
  2815 | D:3      | Reached XP level 6. HP: 48/56 MP: 6/6
  3211 | D:4      | Found an ancient bone altar of Kikubaaqudgha.
  3416 | D:4      | Found a shimmering altar of Xom.
  3418 | D:4      | Found a shimmering altar of Xom.
  3419 | D:4      | Found a shimmering altar of Xom.
  3479 | D:4      | Found a shadowy altar of Dithmenos.
  3570 | D:4      | Reached * piety under Okawaru
  3570 | D:4      | Reached skill level 6 in Fighting
  3570 | D:4      | Reached XP level 7. HP: 47/63 MP: 7/7
  3657 | D:4      | Found Yzemuokh's Gadget Shoppe.
  3845 | D:4      | Found a burning altar of Makhleb.
  4479 | D:5      | Entered Level 5 of the Dungeon
  4610 | D:5      | Found Hanuph's Antique Armour Emporium.
  4968 | D:5      | HP: 3/64 [poisoned by a worker ant]
  4972 | D:5      | Reached ** piety under Okawaru
  4980 | D:5      | Reached skill level 7 in Fighting
  4980 | D:5      | Reached skill level 5 in Armour
  4980 | D:5      | Reached skill level 5 in Shields
  5253 | D:5      | Noticed Blork the orc
  5269 | D:5      | Killed Blork the orc
  5269 | D:5      | Reached XP level 8. HP: 38/73 MP: 8/8
  5989 | D:5      | Found a hazy altar of Hepliaklqana.
  6530 | D:5      | Noticed Prince Ribbit
  7060 | D:6      | Reached skill level 8 in Fighting
  7111 | D:6      | Reached *** piety under Okawaru
  7459 | D:6      | Reached XP level 9. HP: 80/82 MP: 9/9
  7467 | D:6      | Found an opulent altar of Gozag.
  7856 | D:6      | Reached skill level 9 in Fighting
  8617 | D:6      | Found a basalt altar of Yredelemnul.
  8757 | D:7      | Reached **** piety under Okawaru
  9060 | D:7      | Reached skill level 10 in Axes
  9242 | D:7      | Found a sacrificial altar of Ru.
  9249 | D:7      | Reached skill level 10 in Fighting
  9276 | D:7      | Found a staircase to the Ecumenical Temple.
  9763 | D:8      | Found Joraf's Antique Armour Shop.
  9951 | D:8      | Found a staircase to the Lair.
  9963 | D:8      | Found a snail-covered altar of Cheibriados.
  9974 | D:8      | Reached skill level 11 in Fighting
  9974 | D:8      | Reached XP level 10. HP: 95/95 MP: 10/10
 10371 | Lair:1   | Entered Level 1 of the Lair of Beasts
 10478 | Lair:1   | Reached ***** piety under Okawaru
 10489 | Lair:1   | Reached skill level 12 in Fighting
 10750 | Lair:1   | Noticed a spiny frog
 11078 | Lair:1   | Received a gift from Okawaru
 11233 | Lair:1   | Killed a spiny frog
 11526 | Lair:2   | Noticed a black mamba
 11558 | Lair:1   | HP: 4/100 [black mamba (2)]
 11559 | Lair:1   | Slain by a black mamba

Skill      XL: |  1  2  3  4  5  6  7  8  9 10 |
---------------+-------------------------------+-----
Axes           | 3 4 5 6 7 9 10 11 | 11.7
Fighting       | 4 5 6 7 8 11 12 | 12.6
Armour         | 4 5 6 7 |  7.5
Shields        | 4 5 6 7 |  7.6

Action                   |  1- 3 |  4- 6 |  7- 9 | 10-12 || total
-------------------------+-------+-------+-------+-------++-------
Melee: War axe           |    99 |   119 |   433 |   100 ||   751
  Use: Potion            |       |       |     6 |     1 ||     7
       Scroll            |       |       |    11 |     4 ||    15
 Stab: Fleeing           |       |       |     1 |       ||     1
  Eat: Chunk             |       |     3 |     2 |       ||     5
       Ration            |       |     2 |     5 |     1 ||     8
Armor: Scale mail        |    47 |    45 |   145 |    18 ||   255
       Plate armour      |       |       |       |    54 ||    54
Dodge: Dodged            |    34 |    44 |   146 |    31 ||   255
Block: Shield            |    51 |    61 |   192 |    57 ||   361
